AoeStats
← GreatMaty

Arabia

506906840Analyzed
1v1 RM · 16d ago on Sep 15, 2026· 37m 3s· 2 players
Game mode
Random Map
Map size
Tiny (2 player)
Population
200
Speed
Normal
Resources
Standard
Victory
Conquest
Starting age
Dark Age
Ending age
Imperial Age
RankedLock teamsTeams togetherTeam positionsShared explorationLock speedFull tech treeHidden civsTurbo modeCheats
Victory
Defeat
🇧🇷 Britons · Brazil
1944
+16
🇦🇷 Sicilians · Argentina
1952
-16
Jeffin
6:45 Loom
9:05 Feudal Age
9:19 Man-at-Arms
9:46 Double-Bit Axe
17:12 Fletching
22:26 Castle Age
20:33 Horse Collar
21:07 Gold Mining
22:36 Crossbowman
23:11 Bodkin Arrow
24:37 Bow Saw
25:07 Padded Archer Armor
28:14 Sanctity
29:12 Ballistics
29:29 Wheelbarrow
30:16 Fervor
32:51 Leather Archer Armor
36:58 Imperial Age
34:39 Heavy Plow
35:43 Stone Mining
36:00 Pikeman
37:06 Squires
GreatMaty
6:20 Loom
8:51 Feudal Age
10:03 Double-Bit Axe
16:34 Horse Collar
19:38 Town Watch
19:50 Fletching
24:19 Castle Age
23:29 Padded Archer Armor
24:57 Bodkin Arrow
26:49 Scale Barding Armor
27:28 Gold Mining
28:26 Bow Saw
31:05 Wheelbarrow
32:56 Heavy Plow
33:32 Chain Barding Armor
38:31 Imperial Age
37:34 Bloodlines
Connection lost

Rejoining the realm…

Still unreachable

The connection could not be restored.

Session expired

The server has moved on; the page needs a fresh start.